 Dungeon Crawl Stone Soup version 0.31-a0-182-gc5ef74bbde (webtiles) character file.

Game seed: 4634397903976152335

29 qw the Shield-Bearer (level 3, -4/23 HPs)
             Began as a Gargoyle Fighter on June 20, 2023.
             Slain by Terence
             ... wielding a +0 trident
              (5 damage)
             ... on level 2 of the Dungeon.
             The game lasted 00:00:25 (1059 turns).

qw the Shield-Bearer (Gargoyle Fighter)             Turns: 1059, Time: 00:00:26

Health: -4/23      AC: 10    Str: 21    XL:     3   Next: 16%
Magic:  3/3        EV:  9    Int:  8    God:
Gold:   50         SH:  4    Dex:  9    Spells: 2/2 levels left

rFire   . . .        Y - +0 war axe
rCold   . . .        c - +0 buckler
rNeg    + . .        b - +0 scale mail
rPois   inf          (no helmet)
rElec   +            (no cloak)
rCorr   .            (no gloves)
SInv    .            (no boots)
Will    .....        (no amulet) Stlth
                     (no ring)
HPRegen 0.23/turn    (no ring)
MPRegen 0.08/turn

%: no passive effects
@: no status effects
A: sickness immunity, AC +3, negative energy resistance 1, electricity
resistance, torment resistance 1, petrification resistance
a: no special abilities


You were on level 2 of the Dungeon.
You visited 1 branch of the dungeon, and saw 2 of its levels.

You collected 50 gold pieces.


Innate Abilities, Weirdness & Mutations

You are immune to sickness and miasma.
Your stone body is resilient. (AC +3)
You are immune to poison.
You resist negative energy. (rN+)
You are resistant to electric shocks. (rElec)
You are resistant to unholy torment.
You are immune to petrification.


   Skills:
 - Level 3.2 Fighting
 + Level 3.2 Axes
 - Level 3.2 Armour
 - Level 3.2 Shields


You had 2 spell levels left.
You didn't know any spells.
Your spell library was empty.

Inventory:

Hand Weapons
 f - a +0 whip
 Y - a +0 war axe (weapon)
Armour
 b - a +0 scale mail (worn)
 c - a +0 buckler (worn)
Scrolls
 a - a scroll of identify
Potions
 d - a potion of might
 g - a potion of magic
 h - a potion of curing {unknown}

Dungeon Overview and Level Annotations

Branches:
Dungeon (2/15)

Altars:

Annotations:
D:2 Terence


Message History

You hit the bush but do no damage.
The bush is lightly damaged.
You hit the bush but do no damage. Terence closely misses you.
Terence barely misses you.
You hit the bush but do no damage.
The bush is lightly damaged.
You hit the bush but do no damage.
Terence hits you from afar with a +0 trident.
Enter note:
Enter note:
1055 ||| READING scroll labelled IFEMET SI IHUC.
As you read the scroll labelled IFEMET SI IHUC, it crumbles to dust.
It is a scroll of enchant armour.
Really abort (and waste the scroll)?
Terence hits you from afar with a +0 trident.
Enter note:
Enter note:
Enter note:
Enter note:
Enter note:
Enter note:
1057 ||| READING 2 scrolls of identify.
As you read the scroll of identify, it crumbles to dust.
g - a potion of magic
1057 ||| IDENTIFYING fizzy purple potion Terence hits you from afar with a +0 trident.
Enter note:
Enter note:
Enter note:
Enter note: You slash the plant!
The plant begins to die.
The plant is lightly damaged.
You hit the bush but do no damage. Terence hits you but does no damage.
You slash the plant!
The plant is lightly damaged.
You hit the bush but do no damage.
Terence hits you from afar with a +0 trident!
Terence hits you from afar with a +0 trident.
You die...

.# .# .## ..
#####.# #...@.
#.7.P### .#
#....@P##.#
#..P7..P#.#
##...P7.#.#
#.P.77...#
#...P7P..##
#...7P7P..##
#..#.......####
##.###.P......+
#..####...####


You could see Terence.

Vanquished Creatures
  An adder (D:2)
  2 endoplasms
  2 giant cockroaches (D:1)
  2 goblins (D:1)
  2 jackals (D:1)
  5 ball pythons
  3 bats (D:1)
  A kobold (D:1)
  2 rats
20 creatures vanquished.

Notes
Turn   | Place    | Note
-------+----------+-------------------------------------------
     0 | D:1      | qw the Gargoyle Fighter began the quest for the Orb.
     0 | D:1      | Reached XP level 1. HP: 14/14 MP: 1/1
     0 | D:1      | 0 ||| qw: Version: 0.3-a-9-g12657ce
     0 | D:1      | 0 ||| qw: Game counter: 1310
     0 | D:1      | 0 ||| qw: Always use a shield: true
     0 | D:1      | 0 ||| qw: God list: Okawaru
     0 | D:1      | 0 ||| qw: Allow faded altars: false
     0 | D:1      | 0 ||| qw: Do Orc after D:15 true
     0 | D:1      | 0 ||| qw: Do second Lair branch before Depths: true
     0 | D:1      | 0 ||| qw: Lair rune preference: random
     0 | D:1      | 0 ||| qw: Plans: Normal, Zot:1-4, Slime:5, God:TSO, Crypt,
                  | Tomb, Abyss, Pan, Hells, Win
     0 | D:1      | 0 ||| PLANNING D:1-11
   259 | D:1      | Reached XP level 2. HP: 19/19 MP: 2/2
   495 | D:1      | 495 ||| Stepping ~*~*~tactically~*~*~ (stealth).
   726 | D:1      | 726 ||| READING 2 scrolls labelled ATZEAC YCIEKK.
   727 | D:1      | 727 ||| READING scroll labelled JANKIF FIRE.
   730 | D:1      | 730 ||| READING scroll labelled FOM LIAMACH.
   788 | D:2      | 788 ||| Stepping ~*~*~tactically~*~*~ (stealth).
   806 | D:2      | Reached skill level 3 in Axes
   806 | D:2      | Reached XP level 3. HP: 22/23 MP: 3/3
  1045 | D:2      | Noticed Terence
  1055 | D:2      | 1055 ||| READING scroll labelled IFEMET SI IHUC.
  1057 | D:2      | 1057 ||| READING 2 scrolls of identify.
  1057 | D:2      | 1057 ||| IDENTIFYING fizzy purple potion
  1059 | D:2      | HP: 1/23 [Terence/+0 trident (7)]
  1059 | D:2      | Slain by Terence

Levels and vault maps discovered:
D:1:      eino_arrival_cavern_e, layout_basic, minmay_domino_2
D:2:      minmay_door_path, layout_loops_corners, serial_forest,
          infiniplex_forest_lined_room_3, infiniplex_forest_straight_2,
          infiniplex_forest_corner_2, infiniplex_forest_clump_small,
          infiniplex_forest_clump_diagonal, infiniplex_forest_clump_double,
          infiniplex_forest_end_2, grunt_ministairs_4, uniq_terence

Skill      XL: |  1  2 |
---------------+-------+-----
Axes           | 2 3 |  3.2
Fighting       | |  3.2
Armour         | |  3.2
Shields        | |  3.2

Action                     || total
---------------------------++-------
  Melee: War axe           ||    58
    Use: Scroll            ||     5
 Armour: Scale mail        ||    34
  Dodge: Dodged            ||    27
  Block: Buckler           ||     8

Table legend:
 A = Non-vault XP
 B = Vault XP
 C = Vault XP percentage of total XP
 D = Non-vault monster count
 E = Vault monster count
 F = Vault count percentage of total count
                 A         B        C        D         E       F
            +---------+---------+-------+---------+---------+-------
      Total |      39 |       3 |   7.1 |      18 |       2 |  10.0
            +---------+---------+-------+---------+---------+-------
        D:1 |      20 |       3 |  13.0 |      12 |       2 |  14.3
        D:2 |      19 |       0 |   0.0 |       6 |       0 |   0.0
            +---------+---------+-------+---------+---------+-------
